 Dungeon Crawl Stone Soup version 0.30-b1-5-g8e6c1be481 (webtiles) character file.

Game seed: 8241312706288726030

127 Mysteryquy the Trooper (level 4, -2/35 HPs)
             Began as a Mummy Fighter on May 4, 2023.
             Slain by an iguana (7 damage)
             ... on level 5 of the Dungeon.
             The game lasted 00:01:36 (1961 turns).

Mysteryquy the Trooper (Mummy Fighter)              Turns: 1961, Time: 00:01:36

Health: -2/35      AC:  6    Str: 21    XL:     4   Next: 85%
Magic:  4/4        EV:  9    Int:  7    God:
Gold:   43         SH:  4    Dex: 11    Spells: 3/3 levels left

rFire   x . .        m - +0 broad axe (venom)
rCold   + . .        c - +0 buckler
rNeg    + + +        b - +0 scale mail
rPois   ∞            (no helmet)
rElec   .            (no cloak)
rCorr   .            (no gloves)
SInv    .            (no boots)
Will    .....        (no amulet) Stlth
                     (no ring)
HPRegen 0.25/turn    (no ring)
MPRegen 0.09/turn

%: faith
@: no status effects
A: cold resistance 1, negative energy resistance 3, torment resistance 2, heat
vulnerability 1, in touch with death 1, no potions, faith
a: no special abilities


You were on level 5 of the Dungeon.
You visited 1 branch of the dungeon, and saw 5 of its levels.

You collected 138 gold pieces.
You spent 95 gold pieces at shops.

Inventory:

Hand Weapons
 a - a +0 war axe
 m - a +0 broad axe of venom (weapon)
Armour
 b - a +0 scale mail (worn)
 c - a +0 buckler (worn)
Jewellery
 d - a ring of fire
Wands
 l - a wand of polymorph (7)
Scrolls
 e - 2 scrolls of magic mapping {unknown}
 f - 4 scrolls of identify {unknown}
 g - a scroll of noise {unknown}
 h - a scroll of fog {unknown}
 i - a scroll of butterflies {unknown}
 j - a scroll of teleportation {unknown}
 k - a scroll of enchant armour {unknown}
 n - a scroll of immolation {unknown}


   Skills:
 + Level 3.5 Fighting
 + Level 2.5 Axes
 + Level 3.4 Armour
 + Level 0.2 Dodging
 + Level 2.8 Shields


You had 3 spell levels left.
You didn't know any spells.
Your spell library contained the following spells:

 Spells                   Type           Power      Damage    Failure   Level
 Shock                    Conj/Air       0%         1d3       83%         1
 Blink                    Tloc           0%         N/A       93%         2
 Lesser Beckoning         Tloc           0%         N/A       93%         2
 Momentum Strike          Conj/Tloc      0%         3d8       93%         2
 Swiftness                Air            0%         N/A       99%         3
 Airstrike                Air            0%         2d(0-16)  100%        4


Dungeon Overview and Level Annotations

Branches:
Dungeon (6/15)
 Temple: D:4-7

Altars:

Shops:
D:3 (


Innate Abilities, Weirdness & Mutations

You are immune to poison.
Your flesh is cold resistant. (rC+)
You are immune to negative energy. (rN+++)
You are immune to unholy pain and torment.
You are vulnerable to heat. (rF-)
You are in touch with the powers of death.
You do not drink.
You have a special connection with the divine. (Faith)


Message History

The jelly hits you but does no damage.
You slash the jelly!
You kill the jelly!
n - a scroll labelled FAYGIRIETH You are no longer corroded.
HP restored.
An iguana comes into view.
The iguana hisses angrily.
You hit the iguana but do no damage.
The iguana is poisoned.
The iguana bites you but does no damage.
The iguana bites you.
You closely miss the iguana.
The iguana is moderately wounded.
The iguana barely misses you.
You hit the iguana.
The iguana is severely wounded.
The iguana bites you but does no damage.
The iguana hisses menacingly.
The iguana bites you!
You barely miss the iguana.
The iguana is severely wounded.
The iguana closely misses you.
You closely miss the iguana.
The iguana is almost dead.
The iguana looks more healthy.
You block the iguana's attack. The iguana bites you!
You are too injured to fight recklessly!
You are too injured to fight recklessly!
You are too injured to fight recklessly!
You closely miss the iguana.
The iguana is almost dead.
The iguana barely misses you.
You barely miss the iguana.
The iguana is almost dead.
You block the iguana's attack. The iguana bites you!
* * * LOW HITPOINT WARNING * * *
You barely miss the iguana.
The iguana is almost dead.
The iguana bites you!
You die...

.. #. #..
###..###
.......# #
##.#.$#.###.##
#.....l......#
#.##@.###.#
#......#.##
#.........#
#.#.......#
#.##......)#
..# #.......#
.## #.......#
#.......#
#..>....#


You could see an iguana.

Vanquished Creatures
  A jelly (D:5)
  7 adders (D:2)
  A worm (D:3)
  4 ball pythons
  4 endoplasms
  4 goblins
  2 hobgoblins
  A quokka (D:3)
  4 bats
  3 frilled lizards
  2 kobolds
  4 rats
37 creatures vanquished.

Notes
Turn   | Place    | Note
-------+----------+-------------------------------------------
     0 | D:1      | Mysteryquy the Mummy Fighter began the quest for the Orb.
     0 | D:1      | Reached XP level 1. HP: 18/18 MP: 1/1
   267 | D:1      | Reached XP level 2. HP: 24/24 MP: 2/2
   599 | D:2      | Gained mutation: You are in touch with the powers of death.
                  | [Mummy growth]
   599 | D:2      | Reached XP level 3. HP: 26/29 MP: 3/3
   848 | D:2      | Reached XP level 4. HP: 34/35 MP: 4/4
  1837 | D:3      | Found Hecosog's Weapon Shoppe.
  1845 | D:3      | Bought a +0 broad axe of venom for 95 gold pieces
  1889 | D:3      | You fall into a shaft and drop 3 floors!
  1890 | D:6      | Noticed an ogre
  1901 | D:5      | Entered Level 5 of the Dungeon
  1961 | D:5      | Slain by an iguana

Illustrated notes

Levels and vault maps discovered:
D:1:      minmay_arrival_widening_spiral_wide, layout_basic
D:2:      layout_basic, serial_glass, glass_columns_b, glass_columns_b,
          basic_altar
D:3:      layout_rooms, minmay_overflow_temple_hex, serial_shops, shop
D:5:      kennysheep_kobold_camp, layout_loops_cross, nicolae_ru_path_of_blood,
          biasface_ghost_orc_armoury, minivault_11
D:6:      layout_gridville, minmay_temple_entry_wispy,
          nicolae_ossuary_entry_monument, uniq_edmund

Skill      XL: |  1  2  3 |
---------------+----------+-----
Axes           | 2 |  2.5
Armour         | 3 |  3.4
Fighting       | |  3.5
Dodging        | |  0.2
Shields        | |  2.8

Action                     |  1- 3 |  4- 6 || total
---------------------------+-------+-------++-------
  Melee: War axe           |    74 |    54 ||   128
         Broad axe         |       |    13 ||    13
 Armour: Scale mail        |    56 |    29 ||    85
  Dodge: Dodged            |    36 |    35 ||    71
  Block: Buckler           |    15 |    15 ||    30
